 Dungeon Crawl Stone Soup version 0.17-a0-2215-g49c1de0 (webtiles) character file.

376 TruthSerum the Skirmisher (level 6, -12/58 HPs)
             Began as a Minotaur Fighter on Oct 27, 2015.
             Mangled by Menkaure (19 damage)
             ... on level 4 of the Dungeon.
             The game lasted 00:15:31 (2552 turns).

TruthSerum the Skirmisher (Minotaur Fighter)        Turns: 2552, Time: 00:15:31

Health: -12/58     AC: 11    Str: 20    XL:     6   Next: 44%
Magic:  5/5        EV: 10    Int:  5    God:
Gold:   206        SH:  9    Dex: 12    Spells: 0 memorised, 5 levels left

rFire  . . .     SeeInvis .     a - +1 flail
rCold  . . .     Clarity  .     b - +0 scale mail
rNeg   . . .     SustAt   .     c - +0 shield
rPois  .         Gourm    .     (helmet restricted)
rElec  .         Spirit   .     l - +2 cloak
rCorr  .         Warding  .     p - +0 pair of gloves
rMut   .         Stasis   .     (no boots)
MR     .....                    (no amulet)
Stlth  +.........               h - ring of stealth
                                g - +3 ring of evasion

@: not resistant to hostile enchantments, very unstealthy
A: retaliatory headbutt, horns 2
a: no special abilities


You were on level 4 of the Dungeon.
You were hungry.

You visited 1 branch of the dungeon, and saw 4 of its levels.

You collected 206 gold pieces.

Inventory:

Hand Weapons
 a - a +1 flail (weapon)
Armour
 b - a +0 scale mail (worn)
 c - a +0 shield (worn)
 l - a +2 cloak (worn)
 p - a +0 pair of gloves (worn)
Jewellery
 g - a +3 ring of evasion (left hand)
 h - a ring of stealth (right hand)
 w - an uncursed ring of protection from fire {unknown}
Scrolls
 f - a scroll of enchant weapon
 i - 2 scrolls of teleportation
 j - a scroll of amnesia
 m - a scroll of noise
 o - a scroll of fog
 v - a scroll of remove curse
Potions
 d - 2 potions of cure mutation
 k - 2 potions of agility
 s - a potion of brilliance
 u - 2 potions of curing
Comestibles
 e - 6 bread rations
 n - 2 slices of pizza
 q - 2 beef jerkies
 r - 4 meat rations
 t - 5 chunks of flesh


   Skills:
 + Level 6.7 Fighting
 + Level 6.1 Maces & Flails
 - Level 3.6 Armour
 - Level 3.6 Shields


You had 5 spell levels left.
You didn't know any spells.

Dungeon Overview and Level Annotations

Branches:
Dungeon (4/15)
 Temple: D:4-7

Altars:
Elyvilon
Fedhas
Gozag
Xom
Yredelemnul
The Shining One

Shops:
D:4 [

Annotations:
D:4 Menkaure


Innate Abilities, Weirdness & Mutations

You reflexively headbutt those who attack you in melee.
You have a pair of horns on your head.


Message History

Pain shoots through your body!
A worm comes into view.
Menkaure calls on the powers of darkness!
Your body is wracked with pain!
The worm convulses!
Menkaure closely misses you. You furiously retaliate!
You headbutt Menkaure. You sock Menkaure!
Menkaure is severely damaged.
Menkaure hits you!!
* * * LOW HITPOINT WARNING * * *
You are too injured to fight recklessly!
You are too injured to fight recklessly!
You are too injured to fight recklessly!
You are feeling hungry.
Your scale mail prevents you from hitting Menkaure.
Menkaure is severely damaged.
You block Menkaure's attack.
Your shield and scale mail prevent you from hitting Menkaure.
Menkaure is severely damaged.
Menkaure hits you!!
You die...

..............
#..............
#..............
#.............#
#.........w.#
#.<.........#
#....M.#..#
##..!..@..#
............#
............##
............##
.............#
#..........##
##### #........##
##...# ####
##......####....##
#..###
##......##..<...##


You could see Menkaure and a worm.

Vanquished Creatures
  Sigmund (D:2)
  An orc priest (D:4)
  A worker ant (D:4)
  7 adders
  2 adder skeletons (D:4)
  4 worms
  5 giant geckos
  4 orcs
  3 giant cockroaches
  5 goblins
  11 hobgoblins
  6 quokkas
  A ball python (D:2)
  5 bats
  3 giant newts
  6 jackals
  11 kobolds
  2 quokka skeletons (D:4)
  12 rats
90 creatures vanquished.

Notes
Turn   | Place    | Note
--------------------------------------------------------------
     0 | D:1      | TruthSerum the Minotaur Fighter began the quest for the Orb.
     0 | D:1      | Reached XP level 1. HP: 19/19 MP: 0/0
   237 | D:1      | Reached XP level 2. HP: 27/27 MP: 1/1
   301 | D:1      | Reached skill level 4 in Fighting
   687 | D:2      | Reached XP level 3. HP: 27/34 MP: 2/2
   760 | D:2      | Noticed Sigmund
   765 | D:2      | Killed Sigmund
   765 | D:2      | Reached skill level 5 in Fighting
   765 | D:2      | Reached skill level 5 in Maces & Flails
   765 | D:2      | Reached XP level 4. HP: 26/44 MP: 3/3
   765 | D:2      | Reached XP level 5. HP: 29/50 MP: 4/4
   892 | D:2      | Reached skill level 6 in Fighting
  1492 | D:3      | Found an opulent altar of Gozag.
  1493 | D:3      | Found a glowing golden altar of the Shining One.
  1494 | D:3      | Found a blossoming altar of Fedhas.
  1505 | D:3      | Reached XP level 6. HP: 57/57 MP: 5/5
  1645 | D:3      | Found a basalt altar of Yredelemnul.
  2049 | D:4      | Found a white marble altar of Elyvilon.
  2083 | D:4      | Found Tudag's Antique Armour Shop.
  2322 | D:4      | Found a shimmering altar of Xom.
  2544 | D:4      | Noticed Menkaure
  2552 | D:4      | Mangled by Menkaure

Vault maps used:
D:1:      lordsloth_arrival_two_stooges, kennysheep_flooded_box, st_stairs_11
D:2:      uniq_sigmund
D:3:      lemuel_crystal_altar, grunt_temple_overflow_open, first_bread,
          minivault_14
D:4:      elyvilon_altar_1, lemuel_crystal_altar, serial_shops, shop,
          uniq_menkaure

Action                   |  1- 3 |  4- 6 || total
-------------------------+-------+-------++-------
Melee: Flail             |    72 |   130 ||   202
  Use: Potion            |     1 |       ||     1
       Scroll            |       |    11 ||    11
  Eat: Chunk             |       |     5 ||     5
